Golden Knights vs Coyotes
(R1)
Created - October 24, 2019 at 23:43
Goals
|
| Golden Knights |
1 |
0 |
2 |
3 |
| Coyotes |
0 |
2 |
2 |
4 |
|
Shots
|
| Golden Knights |
8 |
5 |
13 |
26 |
| Coyotes |
8 |
12 |
15 |
35 |
|
1st period
1. Golden Knights , Chris Higgins 1 (Vincent Lecavalier 1, Michael Frolik 1) at 18:27
Penalties :
Jakub Kindl (Vgs) for Hooking (Minor) at 16:07
2nd period
2. Coyotes , Zach Parise 1 (Brad Richards 1, Chris Stewart 2) at 7:44
3. Coyotes , Marian Gaborik 2 (Nazem Kadri 3) at 11:58 (PP)
Penalties :
Ilya Kovalchuk (Vgs) for Holding (Minor) at 1:44, Brad Richardson (Vgs) for Hooking (Minor) at 11:16, Ilya Kovalchuk (Vgs) for Tripping (Minor) at 11:57
3rd period
4. Golden Knights , Ilya Kovalchuk 1 (Andrei Loktionov 1, Jared Cowen 1) at 4:16 (PP)
5. Golden Knights , Andrei Loktionov 1 (Jared Cowen 2) at 5:16
6. Coyotes , Chris Stewart 2 (Kristopher Letang 2, Anton Stralman 1) at 6:36
7. Coyotes , Marian Gaborik 3 (Tyler Ennis 2) at 6:45 (PP)
Penalties :
Andrei Loktionov (Vgs) for Tripping (Minor) at 1:17, Zach Parise (Ari) for Hooking (Minor) at 4:01, Ilya Kovalchuk (Vgs) for Hooking (Minor) at 6:41, Michael Del Zotto (Ari) for Holding (Minor) at 10:22, Anton Stralman (Ari) for Hooking (Minor) at 18:02
Goalie Stats
Robin Lehner (Vgs), 31 saves from 35 shots - (0.886), L, 0-2-0, 60:00 minutes
Maxime Daigneault (Ari), 23 saves from 26 shots - (0.885), W, 1-0-0, 60:00 minutes
Players Stats for Golden Knights
Player Name G A P +/- PIM S H SB GA TA FO MP PP MP PK MP
------------------------------------------------------------------------------------
Alex Tanguay 0 0 0 -1 0 1 1 0 0 0 0/0 11:58 0:00 1:26
Andrei Loktionov 1 1 2 1 2 7 2 0 0 0 12/28 19:00 2:22 0:59
Brad Richardson 0 0 0 -1 2 0 0 0 0 0 1/3 12:57 0:00 2:56
Brandon Bollig 0 0 0 0 0 0 1 0 0 0 0/0 7:31 0:00 0:00
Chris Higgins 1 0 1 0 0 2 2 0 0 1 0/0 14:44 1:49 0:00
Ilya Kovalchuk 1 0 1 1 6 3 1 0 1 0 0/5 21:46 2:22 2:57
Jakub Kindl 0 0 0 -2 2 0 0 2 0 0 0/0 19:46 1:32 2:18
Jared Cowen 0 2 2 2 0 1 1 2 0 2 0/0 28:23 2:39 5:26
Mathew Dumba 0 0 0 0 0 0 0 1 0 0 0/0 11:04 0:00 0:00
Michael Frolik 0 1 1 0 0 1 0 0 0 2 1/2 16:26 1:49 1:42
Michael Kostka 0 0 0 -2 0 0 2 1 0 1 0/0 20:33 1:32 3:15
Patrice Cormier 0 0 0 0 0 3 0 0 0 0 2/2 7:31 0:00 0:00
Scottie Upshall 0 0 0 0 0 0 1 1 0 0 0/0 7:31 0:00 0:00
Tim Connolly 0 0 0 -1 0 1 1 0 0 0 4/6 13:18 0:02 2:01
Vincent Lecavalier 0 1 1 0 0 3 0 0 0 0 6/15 14:44 1:49 0:00
Vladimir Mihalik 0 0 0 0 0 0 1 0 0 0 0/0 12:01 0:00 0:57
Zach Bogosian 0 0 0 2 0 2 5 5 1 1 0/0 28:23 2:39 5:26
Zack Kassian 0 0 0 1 0 2 3 0 0 3 2/4 23:36 2:20 5:19
Players Stats for Coyotes
Player Name G A P +/- PIM S H SB GA TA FO MP PP MP PK MP
------------------------------------------------------------------------------------
Andrew MacDonald 0 0 0 0 0 1 1 0 0 0 0/0 16:40 2:50 1:56
Anton Stralman 0 1 1 0 2 0 1 1 1 0 0/0 20:41 0:18 1:11
Brad Richards 0 1 1 1 0 0 1 1 0 0 6/11 17:37 4:08 1:33
Chris Stewart 1 1 2 0 0 2 0 0 2 0 0/0 10:41 0:00 0:00
Evgeny Artyukhin 0 0 0 0 0 0 0 0 0 0 0/0 8:05 0:00 0:00
Jamie Arniel 0 0 0 0 0 1 1 0 1 0 5/12 12:54 0:00 2:13
Josh Gorges 0 0 0 0 0 1 2 1 0 0 0/0 18:33 0:00 2:27
Kristopher Letang 0 1 1 0 0 1 1 2 0 1 0/0 27:06 5:51 2:07
Marek Svatos 0 0 0 1 0 3 0 0 0 0 0/0 16:04 4:08 0:00
Marian Gaborik 2 0 2 -1 0 6 2 0 1 0 1/1 20:46 4:33 0:00
Martin Samuelsson 0 0 0 0 0 0 1 1 0 0 0/2 13:13 0:00 2:32
Matt Donovan 0 0 0 0 0 0 1 0 1 0 0/0 14:44 2:50 0:00
Michael Del Zotto 0 0 0 0 2 2 2 0 1 0 0/0 22:27 5:33 0:41
Nazem Kadri 0 1 1 -1 0 5 2 0 1 0 23/37 21:24 4:33 0:25
Nick Bonino 0 0 0 0 0 2 0 0 0 0 1/1 8:05 0:00 0:00
Ramzi Abid 0 0 0 0 0 1 0 0 0 0 0/0 9:31 0:00 1:13
Tyler Ennis 0 1 1 -1 0 5 1 1 1 1 1/1 20:46 4:33 0:00
Zach Parise 1 0 1 1 2 5 1 1 1 0 0/0 16:29 4:08 0:26
3 Stars
1 - Marian Gaborik (Ari)
2 - Jared Cowen (Vgs)
3 - Chris Stewart (Ari)
Power Play
Golden Knights - 1 on 3 Attempt(s) - 33.33%
Coyotes - 2 on 6 Attempt(s) - 33.33%
Penalty Kill
Golden Knights - 4 on 6 Attempt(s) - 66.67%
- Score 0 goal in Penalty Kill
Coyotes - 2 on 3 Attempt(s) - 66.67%
- Score 0 goal in Penalty Kill
Team Stat
Golden Knights - Hits : 21 - Faceoff Wins : 28 - Blocked Shots : 12 - Penalty Minutes : 12
Coyotes - Hits : 17 - Faceoff Wins : 37 - Blocked Shots : 8 - Penalty Minutes : 6
Official
Referees : Unknown
Linesman : Unknown
Game Notes
No Game Note
Finance
Level 1 -- Attendance: 4949 (82.48%) -- Ticket Income $544,390
Level 2 -- Attendance: 4213 (84.26%) -- Ticket Income $286,484
Level 3 -- Attendance: 1622 (81.10%) -- Ticket Income $76,234
Level 4 -- Attendance: 3431 (85.78%) -- Ticket Income $106,361
Luxury Box -- Attendance: 761 (76.10%) -- Ticket Income $143,068
Game was played at the The Pack Center.
Total Attendance: 14976 (83.20%)
Total Ticket Income: $1,156,537
Other Income: $173,481
Total Income: $1,330,018
Golden Knights
5 vs 5 Forward
Center Left Wing Right Wing Time % Phy DF OF
1 Andrei Loktionov Ilya Kovalchuk Zack Kassian 40 1 2 2
2 Vincent Lecavalier Chris Higgins Michael Frolik 30 1 2 2
3 Tim Connolly Alex Tanguay Brad Richardson 20 1 2 2
4 Patrice Cormier Brandon Bollig Scottie Upshall 10 1 2 2
5 vs 5 Defense
Defense Defense Time % Phy DF OF
1 Zach Bogosian Jared Cowen 40 1 2 2
2 Michael Kostka Jakub Kindl 30 1 2 2
3 Mathew Dumba Vladimir Mihalik 20 1 2 2
4 Zach Bogosian Jared Cowen 10 1 2 2
PowerPlay Forward
Center Left Wing Right Wing Time % Phy DF OF
1 Andrei Loktionov Ilya Kovalchuk Zack Kassian 60 1 2 2
2 Vincent Lecavalier Chris Higgins Michael Frolik 40 1 2 2
PowerPlay Defense
Defense Defense Time % Phy DF OF
1 Zach Bogosian Jared Cowen 60 1 2 2
2 Michael Kostka Jakub Kindl 40 1 2 2
Penalty Kill 4 Players Forward
Center Wing Time % Phy DF OF
1 Ilya Kovalchuk Zack Kassian 60 1 2 2
2 Michael Frolik Andrei Loktionov 40 1 2 2
Penalty Kill 4 Players Defense
Defense Defense Time % Phy DF OF
1 Zach Bogosian Jared Cowen 60 1 2 2
2 Michael Kostka Jakub Kindl 40 1 2 2
Penalty Kill - 3 Players Forward
Forward Time % Phy DF OF
1 Ilya Kovalchuk 60 1 2 2
2 Zack Kassian 40 1 2 2
Penalty Kill - 3 Players Defense
Defense Defense Time % Phy DF OF
1 Zach Bogosian Jared Cowen 60 1 2 2
2 Michael Kostka Jakub Kindl 40 1 2 2
4 vs 4 Forward
Center Wing Time % Phy DF OF
1 Ilya Kovalchuk Zack Kassian 60 1 2 2
2 Michael Frolik Andrei Loktionov 40 1 2 2
4 vs 4 Defense
Defense Defense Time % Phy DF OF
1 Zach Bogosian Jared Cowen 60 1 2 2
2 Michael Kostka Jakub Kindl 40 1 2 2
Last Minutes Offensive
Center Left Wing Right Wing Defense Defense
Andrei Loktionov Ilya Kovalchuk Zack Kassian Zach Bogosian Jared Cowen
Last Minutes Defensive
Center Left Wing Right Wing Defense Defense
Andrei Loktionov Ilya Kovalchuk Zack Kassian Zach Bogosian Jared Cowen
Goaltenders
Starting : Robin Lehner
Backup : Matt Hackett
Extra Forwards
Normal : Tim Connolly, Alex Tanguay, Brad Richardson - PP : Tim Connolly, Alex Tanguay - PK : Brad Richardson
Extra Defensemen
Normal : Mathew Dumba, Jakub Kindl, Michael Kostka - PP : Mathew Dumba - PK : Vladimir Mihalik, Michael Kostka
Penalty Shots
Ilya Kovalchuk, Zack Kassian, Michael Frolik, Andrei Loktionov, Vincent Lecavalier
Scratches
Jeffrey Foss (Healthy)
Coyotes
5 vs 5 Forward
Center Left Wing Right Wing Time % Phy DF OF
1 Nazem Kadri Tyler Ennis Marian Gaborik 40 0 2 3
2 Brad Richards Zach Parise Marek Svatos 30 0 2 3
3 Jamie Arniel Martin Samuelsson Chris Stewart 20 0 2 3
4 Nick Bonino Ramzi Abid Evgeny Artyukhin 10 0 2 3
5 vs 5 Defense
Defense Defense Time % Phy DF OF
1 Kristopher Letang Anton Stralman 40 0 3 2
2 Josh Gorges Michael Del Zotto 34 0 3 2
3 Matt Donovan Andrew MacDonald 26 0 3 2
4 Kristopher Letang Anton Stralman 0 1 2 2
PowerPlay Forward
Center Left Wing Right Wing Time % Phy DF OF
1 Nazem Kadri Tyler Ennis Marian Gaborik 60 0 2 3
2 Brad Richards Zach Parise Marek Svatos 40 0 2 3
PowerPlay Defense
Defense Defense Time % Phy DF OF
1 Kristopher Letang Michael Del Zotto 60 0 2 3
2 Matt Donovan Andrew MacDonald 40 0 2 3
Penalty Kill 4 Players Forward
Center Wing Time % Phy DF OF
1 Jamie Arniel Martin Samuelsson 60 1 3 1
2 Brad Richards Zach Parise 40 1 3 1
Penalty Kill 4 Players Defense
Defense Defense Time % Phy DF OF
1 Josh Gorges Anton Stralman 60 0 4 1
2 Kristopher Letang Andrew MacDonald 40 0 4 1
Penalty Kill - 3 Players Forward
Forward Time % Phy DF OF
1 Tyler Ennis 60 1 3 1
2 Martin Samuelsson 40 1 3 1
Penalty Kill - 3 Players Defense
Defense Defense Time % Phy DF OF
1 Josh Gorges Anton Stralman 60 0 4 1
2 Kristopher Letang Andrew MacDonald 40 0 4 1
4 vs 4 Forward
Center Wing Time % Phy DF OF
1 Nazem Kadri Tyler Ennis 60 0 2 3
2 Brad Richards Zach Parise 40 0 2 3
4 vs 4 Defense
Defense Defense Time % Phy DF OF
1 Kristopher Letang Anton Stralman 60 0 3 2
2 Josh Gorges Michael Del Zotto 40 0 3 2
Last Minutes Offensive
Center Left Wing Right Wing Defense Defense
Nazem Kadri Tyler Ennis Marian Gaborik Kristopher Letang Michael Del Zotto
Last Minutes Defensive
Center Left Wing Right Wing Defense Defense
Brad Richards Zach Parise Marian Gaborik Josh Gorges Anton Stralman
Goaltenders
Starting : Maxime Daigneault
Backup : Thomas McCollum
Extra Forwards
Normal : Chris Stewart, Jamie Arniel, Martin Samuelsson - PP : Chris Stewart, Jamie Arniel - PK : Martin Samuelsson
Extra Defensemen
Normal : Matt Donovan, Andrew MacDonald, Josh Gorges - PP : Matt Donovan - PK : Andrew MacDonald, Josh Gorges
Penalty Shots
Tyler Ennis, Marian Gaborik, Zach Parise, Nazem Kadri, Chris Stewart
Scratches
None
% Time on Ice - Golden Knights
Lines # - Real PCT - Wanted PCT - Time Play
Normal Forward
1 - 35% - 40% - 16:40
2 - 27% - 30% - 12:55
3 - 21% - 20% - 10:02
4 - 16% - 10% - 7:31
Normal Defense
1 - 39% - 40% - 18:30
2 - 33% - 30% - 15:46
3 - 23% - 20% - 11:04
4 - 4% - 10% - 1:48
PP Forward
1 - 57% - 60% - 2:22
2 - 43% - 40% - 1:49
PP Defense
1 - 63% - 60% - 2:39
2 - 37% - 40% - 1:32
PK Forward
1 - 80% - 60% - 6:58
2 - 20% - 40% - 1:42
PK Defense
1 - 63% - 60% - 5:25
2 - 38% - 40% - 3:15
PK3 Forward
1 - 100% - 60% - 0:01
2 - 0% - 40% - 0:00
PK3 Defense
1 - 100% - 60% - 0:01
2 - 0% - 40% - 0:00
44 Forward
1 - 0% - 60%
2 - 0% - 40%
44 Defense
1 - 0% - 60%
2 - 0% - 40%
Last Minute Offensive - 0:00
Last Minute Defensive - 0:00
Total
Forward - 60:00
Defense - 60:00
|
% Time on Ice - Coyotes
Lines # - Real PCT - Wanted PCT - Time Play
Normal Forward
1 - 35% - 40% - 16:26
2 - 25% - 30% - 11:56
3 - 23% - 20% - 10:41
4 - 17% - 10% - 8:05
Normal Defense
1 - 41% - 40% - 19:21
2 - 33% - 34% - 15:35
3 - 26% - 26% - 12:12
4 - 0% - 0% - 0:00
PP Forward
1 - 52% - 60% - 4:33
2 - 48% - 40% - 4:08
PP Defense
1 - 67% - 60% - 5:51
2 - 33% - 40% - 2:50
PK Forward
1 - 91% - 60% - 3:48
2 - 9% - 40% - 0:23
PK Defense
1 - 75% - 60% - 3:08
2 - 25% - 40% - 1:03
PK3 Forward
1 - 0% - 60%
2 - 0% - 40%
PK3 Defense
1 - 0% - 60%
2 - 0% - 40%
44 Forward
1 - 0% - 60%
2 - 0% - 40%
44 Defense
1 - 0% - 60%
2 - 0% - 40%
Last Minute Offensive - 0:00
Last Minute Defensive - 0:00
Total
Forward - 60:00
Defense - 60:00
|
Play-by-Play
1st period
0:01 of 1st period - Nazem Kadri wins face-off versus Andrei Loktionov in neutral zone.
0:12 of 1st period - Slapshot by Tyler Ennis.
0:12 of 1st period - Shot Misses the Net.
1:02 of 1st period - Josh Gorges is hit by Vladimir Mihalik and loses puck.
2:34 of 1st period - Zach Bogosian is hit by Marian Gaborik and loses puck.
3:00 of 1st period - Evgeny Artyukhin is hit by Zack Kassian and loses puck.
3:07 of 1st period - Slapshot by Anton Stralman.
3:07 of 1st period - Shot Misses the Net.
3:09 of 1st period - Slapshot by Michael Del Zotto.
3:09 of 1st period - Deflect By Ramzi Abid.
3:09 of 1st period - Shot Misses the Net.
3:09 of 1st period - Puck is out of play.
3:10 of 1st period - Nazem Kadri wins face-off versus Vincent Lecavalier in Golden Knights zone.
3:17 of 1st period - Michael Del Zotto is hit by Jared Cowen and loses puck.
3:38 of 1st period - Backhand shot by Alex Tanguay.
3:38 of 1st period - Shot Misses the Net.
3:48 of 1st period - Snap shot by Zach Parise.
3:48 of 1st period - Stopped by Robin Lehner without a rebound.
3:49 of 1st period - Andrei Loktionov wins face-off versus Jamie Arniel in Golden Knights zone.
3:58 of 1st period - Snap shot by Zack Kassian.
3:58 of 1st period - Shot Misses the Net.
4:00 of 1st period - Snap shot by Andrei Loktionov.
4:00 of 1st period - Shot Misses the Net.
4:02 of 1st period - Snap shot by Zack Kassian.
4:02 of 1st period - Shot Misses the Net.
4:04 of 1st period - Slapshot by Zack Kassian.
4:04 of 1st period - Stopped by Maxime Daigneault with a rebound.
4:06 of 1st period - Slapshot by Jared Cowen.
4:06 of 1st period - Stopped by Maxime Daigneault with a rebound.
5:53 of 1st period - Slapshot by Zach Parise.
5:53 of 1st period - Stopped by Robin Lehner without a rebound.
5:54 of 1st period - Andrei Loktionov wins face-off versus Nazem Kadri in Golden Knights zone.
5:59 of 1st period - Slapshot by Ilya Kovalchuk.
5:59 of 1st period - Stopped by Maxime Daigneault with a rebound.
6:01 of 1st period - Wrist shot by Jared Cowen.
6:01 of 1st period - Deflect By Ilya Kovalchuk.
6:01 of 1st period - Stopped by Maxime Daigneault without a rebound.
6:02 of 1st period - Andrei Loktionov wins face-off versus Nazem Kadri in Coyotes zone.
6:03 of 1st period - Wrist shot by Ilya Kovalchuk.
6:03 of 1st period - Deflect By Josh Gorges.
6:03 of 1st period - Shot Misses the Net.
6:03 of 1st period - Puck is out of play.
6:04 of 1st period - Nazem Kadri wins face-off versus Zack Kassian in Coyotes zone.
6:40 of 1st period - Ilya Kovalchuk is hit by Josh Gorges and loses puck.
6:55 of 1st period - Snap shot by Andrei Loktionov.
6:55 of 1st period - Shot Blocked by Josh Gorges.
6:57 of 1st period - Wrist shot by Ilya Kovalchuk.
6:57 of 1st period - Shot Misses the Net.
6:59 of 1st period - Wrist shot by Andrei Loktionov.
6:59 of 1st period - Stopped by Maxime Daigneault without a rebound.
7:00 of 1st period - Jamie Arniel wins face-off versus Vincent Lecavalier in Coyotes zone.
7:06 of 1st period - Icing by Chris Stewart.
7:07 of 1st period - Jamie Arniel wins face-off versus Vincent Lecavalier in Coyotes zone.
7:12 of 1st period - Slapshot by Kristopher Letang.
7:12 of 1st period - Deflect By Vincent Lecavalier.
7:12 of 1st period - Stopped by Robin Lehner with a rebound.
8:28 of 1st period - Marian Gaborik is hit by Zack Kassian and loses puck.
8:45 of 1st period - Slapshot by Marek Svatos.
8:45 of 1st period - Shot Misses the Net.
8:47 of 1st period - Snap shot by Marek Svatos.
8:47 of 1st period - Shot Blocked by Zach Bogosian.
8:51 of 1st period - Snap shot by Brad Richards.
8:51 of 1st period - Shot Misses the Net.
8:53 of 1st period - Slapshot by Andrew MacDonald.
8:53 of 1st period - Stopped by Robin Lehner without a rebound.
8:54 of 1st period - Tim Connolly wins face-off versus Jamie Arniel in Golden Knights zone.
9:55 of 1st period - Snap shot by Zach Parise.
9:55 of 1st period - Stopped by Robin Lehner with a rebound.
11:02 of 1st period - Michael Del Zotto is hit by Alex Tanguay and loses puck.
12:33 of 1st period - Snap shot by Ramzi Abid.
12:33 of 1st period - Stopped by Robin Lehner with a rebound.
12:53 of 1st period - Michael Kostka is hit by Josh Gorges and loses puck.
12:59 of 1st period - Off-side.
13:00 of 1st period - Nazem Kadri wins face-off versus Andrei Loktionov in neutral zone.
13:16 of 1st period - Snap shot by Tyler Ennis.
13:16 of 1st period - Shot Misses the Net.
13:38 of 1st period - Tyler Ennis is hit by Zach Bogosian and loses puck.
13:47 of 1st period - Snap shot by Ilya Kovalchuk.
13:47 of 1st period - Shot Misses the Net.
13:49 of 1st period - Snap shot by Andrei Loktionov.
13:49 of 1st period - Stopped by Maxime Daigneault without a rebound.
13:50 of 1st period - Brad Richards wins face-off versus Vincent Lecavalier in Coyotes zone.
14:25 of 1st period - Andrew MacDonald is hit by Scottie Upshall and loses puck.
16:07 of 1st period - Minor Penalty to Jakub Kindl for Hooking.
16:08 of 1st period - Nazem Kadri wins face-off versus Ilya Kovalchuk in Golden Knights zone.
18:07 of 1st period - Penalty to Jakub Kindl is over, Jakub Kindl is back on ice.
18:23 of 1st period - Slapshot by Michael Frolik.
18:23 of 1st period - Shot Blocked by Anton Stralman.
18:25 of 1st period - Wrist shot by Vincent Lecavalier.
18:25 of 1st period - Stopped by Maxime Daigneault with a rebound.
18:27 of 1st period - Snap shot by Chris Higgins.
18:27 of 1st period - Goal by Chris Higgins - Golden Knights : 1 - Coyotes : 0.
18:28 of 1st period - Andrei Loktionov wins face-off versus Martin Samuelsson in neutral zone.
18:33 of 1st period - Snap shot by Jamie Arniel.
18:33 of 1st period - Deflect By Martin Samuelsson.
18:33 of 1st period - Shot Misses the Net.
18:33 of 1st period - Puck is out of play.
18:34 of 1st period - Jamie Arniel wins face-off versus Andrei Loktionov in Golden Knights zone.
18:35 of 1st period - Snap shot by Chris Stewart.
18:35 of 1st period - Shot Misses the Net.
18:37 of 1st period - Snap shot by Chris Stewart.
18:37 of 1st period - Shot Blocked by Michael Kostka.
18:39 of 1st period - Wrist shot by Chris Stewart.
18:39 of 1st period - Shot Misses the Net.
18:41 of 1st period - Snap shot by Jamie Arniel.
18:41 of 1st period - Stopped by Robin Lehner without a rebound.
18:42 of 1st period - Andrei Loktionov wins face-off versus Nazem Kadri in Golden Knights zone.
18:42 of 1st period - Andrei Loktionov is hit by Marian Gaborik.
18:57 of 1st period - Slapshot by Tyler Ennis.
18:57 of 1st period - Deflect By Marian Gaborik.
18:57 of 1st period - Stopped by Robin Lehner with a rebound.
19:33 of 1st period - Martin Samuelsson is hit by Zach Bogosian and loses puck.
19:52 of 1st period - Martin Samuelsson is hit by Michael Kostka and loses puck.
Goals for this period are 1 for Golden Knights vs 0 for Coyotes.
Shots for this period are 8 for Golden Knights vs 8 for Coyotes.
2nd period
0:01 of 2nd period - Andrei Loktionov wins face-off versus Nazem Kadri in neutral zone.
0:04 of 2nd period - Nazem Kadri is hit by Andrei Loktionov and loses puck.
0:50 of 2nd period - Wrist shot by Patrice Cormier.
0:50 of 2nd period - Stopped by Maxime Daigneault without a rebound.
0:51 of 2nd period - Patrice Cormier wins face-off versus Jamie Arniel in Coyotes zone.
1:22 of 2nd period - Icing by Michael Frolik.
1:23 of 2nd period - Vincent Lecavalier wins face-off versus Nazem Kadri in Golden Knights zone.
1:27 of 2nd period - Zach Bogosian is hit by Kristopher Letang.
1:29 of 2nd period - Snap shot by Michael Frolik.
1:29 of 2nd period - Deflect By Vincent Lecavalier.
1:29 of 2nd period - Stopped by Maxime Daigneault without a rebound.
1:30 of 2nd period - Nazem Kadri wins face-off versus Andrei Loktionov in Coyotes zone.
1:30 of 2nd period - Nazem Kadri is hit by Zach Bogosian.
1:42 of 2nd period - Wrist shot by Nazem Kadri.
1:42 of 2nd period - Stopped by Robin Lehner with a rebound.
1:44 of 2nd period - Minor Penalty to Ilya Kovalchuk for Holding.
1:45 of 2nd period - Brad Richardson wins face-off versus Nazem Kadri in Golden Knights zone.
2:02 of 2nd period - Snap shot by Nazem Kadri.
2:02 of 2nd period - Stopped by Robin Lehner with a rebound.
3:30 of 2nd period - Andrew MacDonald is hit by Zach Bogosian and loses puck.
3:44 of 2nd period - Penalty to Ilya Kovalchuk is over, Ilya Kovalchuk is back on ice.
4:26 of 2nd period - Wrist shot by Tim Connolly.
4:26 of 2nd period - Shot Misses the Net.
4:28 of 2nd period - Wrist shot by Zack Kassian.
4:28 of 2nd period - Shot Misses the Net.
4:30 of 2nd period - Snap shot by Ilya Kovalchuk.
4:30 of 2nd period - Shot Misses the Net.
4:32 of 2nd period - Snap shot by Zack Kassian.
4:32 of 2nd period - Stopped by Maxime Daigneault without a rebound.
4:33 of 2nd period - Vincent Lecavalier wins face-off versus Jamie Arniel in Coyotes zone.
4:58 of 2nd period - Michael Kostka is hit by Nazem Kadri and loses puck.
5:24 of 2nd period - Vladimir Mihalik is hit by Andrew MacDonald and loses puck.
5:43 of 2nd period - Vladimir Mihalik is hit by Michael Del Zotto and loses puck.
5:58 of 2nd period - Slapshot by Kristopher Letang.
5:58 of 2nd period - Shot Blocked by Zach Bogosian.
6:04 of 2nd period - Jamie Arniel is hit by Ilya Kovalchuk and loses puck.
6:17 of 2nd period - Mathew Dumba is hit by Nazem Kadri and loses puck.
6:33 of 2nd period - Off-side.
6:34 of 2nd period - Patrice Cormier wins face-off versus Brad Richards in neutral zone.
6:37 of 2nd period - Brad Richards is hit by Brandon Bollig and loses puck.
6:44 of 2nd period - Scottie Upshall is hit by Brad Richards and loses puck.
7:44 of 2nd period - Slapshot by Zach Parise.
7:44 of 2nd period - Goal by Zach Parise - Golden Knights : 1 - Coyotes : 1.
7:45 of 2nd period - Nazem Kadri wins face-off versus Vincent Lecavalier in neutral zone.
7:58 of 2nd period - Slapshot by Tyler Ennis.
7:58 of 2nd period - Deflect By Michael Frolik.
7:58 of 2nd period - Shot Blocked by Zach Bogosian.
7:58 of 2nd period - Puck is out of play.
7:59 of 2nd period - Andrei Loktionov wins face-off versus Nazem Kadri in Golden Knights zone.
8:04 of 2nd period - Ilya Kovalchuk is hit by Tyler Ennis and loses puck.
8:51 of 2nd period - Josh Gorges is hit by Chris Higgins and loses puck.
9:00 of 2nd period - Snap shot by Zach Parise.
9:00 of 2nd period - Shot Misses the Net.
9:50 of 2nd period - Jared Cowen is hit by Martin Samuelsson and loses puck.
10:07 of 2nd period - Backhand shot by Marek Svatos.
10:07 of 2nd period - Stopped by Robin Lehner with a rebound.
10:11 of 2nd period - Snap shot by Zach Parise.
10:11 of 2nd period - Shot Misses the Net.
10:13 of 2nd period - Slapshot by Michael Del Zotto.
10:13 of 2nd period - Stopped by Robin Lehner without a rebound.
10:14 of 2nd period - Andrei Loktionov wins face-off versus Nazem Kadri in Golden Knights zone.
10:27 of 2nd period - Slapshot by Zack Kassian.
10:27 of 2nd period - Shot Misses the Net.
10:41 of 2nd period - Anton Stralman is hit by Chris Higgins and loses puck.
11:16 of 2nd period - Minor Penalty to Brad Richardson for Hooking.
11:17 of 2nd period - Nazem Kadri wins face-off versus Ilya Kovalchuk in Golden Knights zone.
11:26 of 2nd period - Snap shot by Marian Gaborik.
11:26 of 2nd period - Shot Blocked by Jared Cowen.
11:32 of 2nd period - Snap shot by Nazem Kadri.
11:32 of 2nd period - Shot Blocked by Zach Bogosian.
11:34 of 2nd period - Wrist shot by Tyler Ennis.
11:34 of 2nd period - Stopped by Robin Lehner without a rebound.
11:35 of 2nd period - Brad Richards wins face-off versus Ilya Kovalchuk in Golden Knights zone.
11:46 of 2nd period - Snap shot by Marek Svatos.
11:46 of 2nd period - Stopped by Robin Lehner without a rebound.
11:47 of 2nd period - Nazem Kadri wins face-off versus Ilya Kovalchuk in Golden Knights zone.
11:57 of 2nd period - Minor Penalty to Ilya Kovalchuk for Tripping.
11:58 of 2nd period - Nazem Kadri wins face-off versus Tim Connolly in Golden Knights zone.
11:58 of 2nd period - Snap shot by Marian Gaborik.
11:58 of 2nd period - Goal by Marian Gaborik - Golden Knights : 1 - Coyotes : 2.
11:59 of 2nd period - Nazem Kadri wins face-off versus Brad Richardson in neutral zone.
13:57 of 2nd period - Penalty to Ilya Kovalchuk is over, Ilya Kovalchuk is back on ice.
14:28 of 2nd period - Snap shot by Nick Bonino.
14:28 of 2nd period - Stopped by Robin Lehner with a rebound.
14:50 of 2nd period - Chris Stewart is hit by Tim Connolly and loses puck.
15:07 of 2nd period - Matt Donovan is hit by Zach Bogosian and loses puck.
16:03 of 2nd period - Snap shot by Chris Stewart.
16:03 of 2nd period - Stopped by Robin Lehner with a rebound.
16:05 of 2nd period - Slapshot by Josh Gorges.
16:05 of 2nd period - Stopped by Robin Lehner without a rebound.
16:06 of 2nd period - Nazem Kadri wins face-off versus Andrei Loktionov in Golden Knights zone.
16:51 of 2nd period - Zach Bogosian is hit by Matt Donovan and loses puck.
18:48 of 2nd period - Icing by Michael Del Zotto.
18:49 of 2nd period - Brad Richards wins face-off versus Vincent Lecavalier in Coyotes zone.
19:00 of 2nd period - Snap shot by Andrei Loktionov.
19:00 of 2nd period - Stopped by Maxime Daigneault without a rebound.
19:01 of 2nd period - Zack Kassian wins face-off versus Nazem Kadri in Coyotes zone.
19:04 of 2nd period - Backhand shot by Ilya Kovalchuk.
19:04 of 2nd period - Shot Misses the Net.
19:06 of 2nd period - Wrist shot by Andrei Loktionov.
19:06 of 2nd period - Shot Blocked by Kristopher Letang.
19:08 of 2nd period - Slapshot by Jared Cowen.
19:08 of 2nd period - Shot Misses the Net.
19:10 of 2nd period - Snap shot by Ilya Kovalchuk.
19:10 of 2nd period - Deflect By Andrei Loktionov.
19:10 of 2nd period - Stopped by Maxime Daigneault without a rebound.
19:11 of 2nd period - Nazem Kadri wins face-off versus Andrei Loktionov in Coyotes zone.
19:18 of 2nd period - Slapshot by Tyler Ennis.
19:18 of 2nd period - Stopped by Robin Lehner with a rebound.
19:20 of 2nd period - Slapshot by Kristopher Letang.
19:20 of 2nd period - Shot Blocked by Jared Cowen.
Goals for this period are 0 for Golden Knights vs 2 for Coyotes.
Shots for this period are 5 for Golden Knights vs 12 for Coyotes.
3rd period
0:01 of 3rd period - Andrei Loktionov wins face-off versus Nazem Kadri in neutral zone.
0:04 of 3rd period - Slapshot by Zach Bogosian.
0:04 of 3rd period - Stopped by Maxime Daigneault without a rebound.
0:05 of 3rd period - Nazem Kadri wins face-off versus Andrei Loktionov in Coyotes zone.
0:12 of 3rd period - Snap shot by Marian Gaborik.
0:12 of 3rd period - Stopped by Robin Lehner with a rebound.
0:18 of 3rd period - Wrist shot by Nazem Kadri.
0:18 of 3rd period - Stopped by Robin Lehner without a rebound.
0:19 of 3rd period - Nazem Kadri wins face-off versus Ilya Kovalchuk in Golden Knights zone.
0:26 of 3rd period - Snap shot by Tyler Ennis.
0:26 of 3rd period - Shot Misses the Net.
0:28 of 3rd period - Snap shot by Kristopher Letang.
0:28 of 3rd period - Shot Blocked by Zach Bogosian.
0:30 of 3rd period - Snap shot by Marian Gaborik.
0:30 of 3rd period - Stopped by Robin Lehner with a rebound.
0:32 of 3rd period - Wrist shot by Tyler Ennis.
0:32 of 3rd period - Stopped by Robin Lehner with a rebound.
0:34 of 3rd period - Snap shot by Nazem Kadri.
0:34 of 3rd period - Stopped by Robin Lehner without a rebound.
0:35 of 3rd period - Vincent Lecavalier wins face-off versus Brad Richards in Golden Knights zone.
0:48 of 3rd period - Chris Higgins is hit by Anton Stralman and loses puck.
1:17 of 3rd period - Minor Penalty to Andrei Loktionov for Tripping.
1:18 of 3rd period - Nazem Kadri wins face-off versus Zack Kassian in Golden Knights zone.
1:48 of 3rd period - Off-side.
1:49 of 3rd period - Michael Frolik wins face-off versus Brad Richards in neutral zone.
1:59 of 3rd period - Brad Richardson is hit by Zach Parise and loses puck.
2:42 of 3rd period - Snap shot by Zach Parise.
2:42 of 3rd period - Shot Misses the Net.
2:44 of 3rd period - Wrist shot by Brad Richards.
2:44 of 3rd period - Deflect By Zach Parise.
2:44 of 3rd period - Shot Misses the Net.
2:44 of 3rd period - Puck is out of play.
2:45 of 3rd period - Nazem Kadri wins face-off versus Michael Frolik in Golden Knights zone.
2:54 of 3rd period - Snap shot by Nazem Kadri.
2:54 of 3rd period - Shot Misses the Net.
3:17 of 3rd period - Penalty to Andrei Loktionov is over, Andrei Loktionov is back on ice.
3:33 of 3rd period - Snap shot by Patrice Cormier.
3:33 of 3rd period - Stopped by Maxime Daigneault with a rebound.
3:35 of 3rd period - Snap shot by Patrice Cormier.
3:35 of 3rd period - Stopped by Maxime Daigneault without a rebound.
3:36 of 3rd period - Nick Bonino wins face-off versus Vincent Lecavalier in Coyotes zone.
4:01 of 3rd period - Minor Penalty to Zach Parise for Hooking.
4:02 of 3rd period - Jamie Arniel wins face-off versus Andrei Loktionov in Coyotes zone.
4:14 of 3rd period - Snap shot by Andrei Loktionov.
4:14 of 3rd period - Shot Misses the Net.
4:16 of 3rd period - Wrist shot by Ilya Kovalchuk.
4:16 of 3rd period - Goal by Ilya Kovalchuk - Golden Knights : 2 - Coyotes : 2.
4:17 of 3rd period - Nazem Kadri wins face-off versus Andrei Loktionov in neutral zone.
4:28 of 3rd period - Wrist shot by Tyler Ennis.
4:28 of 3rd period - Shot Misses the Net.
4:30 of 3rd period - Slapshot by Tyler Ennis.
4:30 of 3rd period - Stopped by Robin Lehner without a rebound.
4:31 of 3rd period - Marian Gaborik wins face-off versus Andrei Loktionov in Golden Knights zone.
5:08 of 3rd period - Slapshot by Tyler Ennis.
5:08 of 3rd period - Shot Misses the Net.
5:16 of 3rd period - Snap shot by Andrei Loktionov.
5:16 of 3rd period - Goal by Andrei Loktionov - Golden Knights : 3 - Coyotes : 2.
5:17 of 3rd period - Vincent Lecavalier wins face-off versus Brad Richards in neutral zone.
5:30 of 3rd period - Snap shot by Chris Higgins.
5:30 of 3rd period - Stopped by Maxime Daigneault with a rebound.
5:32 of 3rd period - Wrist shot by Chris Higgins.
5:32 of 3rd period - Shot Blocked by Brad Richards.
5:51 of 3rd period - Wrist shot by Zach Parise.
5:51 of 3rd period - Stopped by Robin Lehner with a rebound.
5:55 of 3rd period - Snap shot by Marek Svatos.
5:55 of 3rd period - Stopped by Robin Lehner without a rebound.
5:56 of 3rd period - Andrei Loktionov wins face-off versus Nazem Kadri in Golden Knights zone.
6:20 of 3rd period - Icing by Kristopher Letang.
6:21 of 3rd period - Vincent Lecavalier wins face-off versus Martin Samuelsson in Coyotes zone.
6:36 of 3rd period - Snap shot by Chris Stewart.
6:36 of 3rd period - Goal by Chris Stewart - Golden Knights : 3 - Coyotes : 3.
6:37 of 3rd period - Nazem Kadri wins face-off versus Andrei Loktionov in neutral zone.
6:41 of 3rd period - Minor Penalty to Ilya Kovalchuk for Hooking.
6:42 of 3rd period - Tyler Ennis wins face-off versus Brad Richardson in Golden Knights zone.
6:45 of 3rd period - Snap shot by Marian Gaborik.
6:45 of 3rd period - Goal by Marian Gaborik - Golden Knights : 3 - Coyotes : 4.
6:46 of 3rd period - Nazem Kadri wins face-off versus Andrei Loktionov in neutral zone.
6:57 of 3rd period - Snap shot by Marian Gaborik.
6:57 of 3rd period - Shot Misses the Net.
6:59 of 3rd period - Slapshot by Nazem Kadri.
6:59 of 3rd period - Deflect By Tyler Ennis.
6:59 of 3rd period - Stopped by Robin Lehner without a rebound.
7:00 of 3rd period - Andrei Loktionov wins face-off versus Nazem Kadri in Golden Knights zone.
7:38 of 3rd period - Wrist shot by Michael Frolik.
7:38 of 3rd period - Shot Blocked by Kristopher Letang.
7:40 of 3rd period - Wrist shot by Michael Frolik.
7:40 of 3rd period - Shot Misses the Net.
8:16 of 3rd period - Snap shot by Marian Gaborik.
8:16 of 3rd period - Shot Blocked by Jakub Kindl.
8:18 of 3rd period - Slapshot by Andrew MacDonald.
8:18 of 3rd period - Shot Blocked by Scottie Upshall.
8:20 of 3rd period - Snap shot by Andrew MacDonald.
8:20 of 3rd period - Shot Blocked by Jakub Kindl.
8:22 of 3rd period - Snap shot by Marian Gaborik.
8:22 of 3rd period - Stopped by Robin Lehner without a rebound.
8:23 of 3rd period - Brad Richards wins face-off versus Andrei Loktionov in Golden Knights zone.
8:50 of 3rd period - Vincent Lecavalier is hit by Jamie Arniel.
9:43 of 3rd period - Slapshot by Zach Bogosian.
9:43 of 3rd period - Stopped by Maxime Daigneault without a rebound.
9:44 of 3rd period - Nazem Kadri wins face-off versus Andrei Loktionov in Coyotes zone.
9:44 of 3rd period - Andrew MacDonald is hit by Zack Kassian.
9:56 of 3rd period - Wrist shot by Andrei Loktionov.
9:56 of 3rd period - Shot Blocked by Tyler Ennis.
9:58 of 3rd period - Backhand shot by Michael Kostka.
9:58 of 3rd period - Shot Misses the Net.
10:00 of 3rd period - Slapshot by Michael Kostka.
10:00 of 3rd period - Deflect By Zack Kassian.
10:00 of 3rd period - Shot Misses the Net.
10:00 of 3rd period - Puck is out of play.
10:01 of 3rd period - Brad Richards wins face-off versus Vincent Lecavalier in Coyotes zone.
10:14 of 3rd period - Wrist shot by Vincent Lecavalier.
10:14 of 3rd period - Stopped by Maxime Daigneault with a rebound.
10:22 of 3rd period - Minor Penalty to Michael Del Zotto for Holding.
10:23 of 3rd period - Andrei Loktionov wins face-off versus Jamie Arniel in Coyotes zone.
10:26 of 3rd period - Wrist shot by Andrei Loktionov.
10:26 of 3rd period - Stopped by Maxime Daigneault without a rebound.
10:27 of 3rd period - Zack Kassian wins face-off versus Jamie Arniel in Coyotes zone.
11:09 of 3rd period - Snap shot by Vincent Lecavalier.
11:09 of 3rd period - Shot Misses the Net.
11:11 of 3rd period - Slapshot by Chris Higgins.
11:11 of 3rd period - Shot Blocked by Zach Parise.
12:22 of 3rd period - Penalty to Michael Del Zotto is over, Michael Del Zotto is back on ice.
12:32 of 3rd period - Slapshot by Michael Del Zotto.
12:32 of 3rd period - Stopped by Robin Lehner with a rebound.
12:34 of 3rd period - Snap shot by Nazem Kadri.
12:34 of 3rd period - Stopped by Robin Lehner without a rebound.
12:35 of 3rd period - Nazem Kadri wins face-off versus Tim Connolly in Golden Knights zone.
12:50 of 3rd period - Wrist shot by Tim Connolly.
12:50 of 3rd period - Stopped by Maxime Daigneault without a rebound.
12:51 of 3rd period - Vincent Lecavalier wins face-off versus Brad Richards in Coyotes zone.
13:16 of 3rd period - Tyler Ennis is hit by Michael Kostka and loses puck.
13:48 of 3rd period - Snap shot by Nick Bonino.
13:48 of 3rd period - Shot Misses the Net.
13:50 of 3rd period - Snap shot by Nick Bonino.
13:50 of 3rd period - Shot Blocked by Mathew Dumba.
13:52 of 3rd period - Snap shot by Nick Bonino.
13:52 of 3rd period - Stopped by Robin Lehner without a rebound.
13:53 of 3rd period - Nazem Kadri wins face-off versus Vincent Lecavalier in Golden Knights zone.
14:20 of 3rd period - Ilya Kovalchuk is hit by Michael Del Zotto.
14:24 of 3rd period - Slapshot by Ilya Kovalchuk.
14:24 of 3rd period - Shot Misses the Net.
14:26 of 3rd period - Wrist shot by Andrei Loktionov.
14:26 of 3rd period - Shot Misses the Net.
14:28 of 3rd period - Wrist shot by Andrei Loktionov.
14:28 of 3rd period - Stopped by Maxime Daigneault without a rebound.
14:29 of 3rd period - Brad Richards wins face-off versus Andrei Loktionov in Coyotes zone.
15:06 of 3rd period - Wrist shot by Tyler Ennis.
15:06 of 3rd period - Deflect By Marian Gaborik.
15:06 of 3rd period - Shot Misses the Net.
15:06 of 3rd period - Puck is out of play.
15:07 of 3rd period - Tim Connolly wins face-off versus Jamie Arniel in Golden Knights zone.
15:20 of 3rd period - Snap shot by Alex Tanguay.
15:20 of 3rd period - Stopped by Maxime Daigneault without a rebound.
15:21 of 3rd period - Tim Connolly wins face-off versus Nazem Kadri in Coyotes zone.
15:26 of 3rd period - Snap shot by Brad Richardson.
15:26 of 3rd period - Shot Misses the Net.
16:15 of 3rd period - Wrist shot by Michael Frolik.
16:15 of 3rd period - Stopped by Maxime Daigneault without a rebound.
16:16 of 3rd period - Tim Connolly wins face-off versus Nazem Kadri in Coyotes zone.
16:43 of 3rd period - Josh Gorges is hit by Andrei Loktionov and loses puck.
16:52 of 3rd period - Snap shot by Jamie Arniel.
16:52 of 3rd period - Shot Misses the Net.
18:02 of 3rd period - Minor Penalty to Anton Stralman for Hooking.
18:03 of 3rd period - Jamie Arniel wins face-off versus Andrei Loktionov in Coyotes zone.
18:13 of 3rd period - Snap shot by Andrei Loktionov.
18:13 of 3rd period - Shot Misses the Net.
18:15 of 3rd period - Wrist shot by Zack Kassian.
18:15 of 3rd period - Shot Misses the Net.
18:17 of 3rd period - Snap shot by Andrei Loktionov.
18:17 of 3rd period - Shot Blocked by Martin Samuelsson.
18:19 of 3rd period - Wrist shot by Ilya Kovalchuk.
18:19 of 3rd period - Shot Misses the Net.
Goals for this period are 2 for Golden Knights vs 2 for Coyotes.
Shots for this period are 13 for Golden Knights vs 15 for Coyotes.
Back to the Top